| TOP OF THE 1ST |
|
Dayton Dragons batting - Pitching for Hagerstown Suns : RHP Ivano Galikov
|
|
Pitching: RHP Ivano Galikov
|
|
|
Batting: LHB Keith Egan
|
0-0: Ball 1-0: Called Strike 1-1: Foul Ball, location: 2F 1-2: Strikes out swinging
|
|
Batting: RHB Danny Real
|
0-0: Called Strike 0-1: Ball 1-1: Swinging Strike 1-2: Foul Ball, location: 2F 1-2: Foul Ball, location: 2F 1-2: Ball 2-2: Foul Ball, location: 2F 2-2: Foul Ball, location: 2F 2-2: Strikes out looking
|
|
Batting: SHB Tim Utz
|
0-0: Ball 1-0: Ball 2-0: Ball 3-0: Called Strike 3-1: SINGLE (Groundball, 4, EV 111.2 MPH)
|
|
Batting: RHB Mark Williams
|
0-0: Ball 1-0: Called Strike 1-1: Swinging Strike 1-2: Strikes out swinging
|
| Top of the 1st over - 0 runs, 1 hit, 0 errors, 1 left on base; Dayton 0 - Hagerstown 0 |
| BOTTOM OF THE 1ST |
|
Hagerstown Suns batting - Pitching for Dayton Dragons : LHP Mark Sandoval
|
|
Pitching: LHP Mark Sandoval
|
|
|
Batting: RHB Kevin Whitenack
|
0-0: Called Strike 0-1: Swinging Strike 0-2: Foul Ball, location: 2F 0-2: Ball 1-2: Ball 2-2: Strikes out swinging
|
|
Batting: RHB Naofumi Ishida
|
0-0: Ground out 5-3 (Groundball, 56S, EV 85.0 MPH)
|
|
Batting: LHB Evan Oliveri
|
0-0: Called Strike 0-1: Ball 1-1: Called Strike 1-2: Ball 2-2: Ball 3-2: Strikes out swinging
|
| Bottom of the 1st over - 0 runs, 0 hits, 0 errors, 0 left on base; Dayton 0 - Hagerstown 0 |
| TOP OF THE 2ND |
|
Dayton Dragons batting - Pitching for Hagerstown Suns : RHP Ivano Galikov
|
|
Batting: LHB Fernando Gomez
|
0-0: Ball 1-0: Fly out, F7 (Flyball, 78S, EV 78.1 MPH)
|
|
Batting: RHB Frank Moron
|
0-0: Ball 1-0: Called Strike 1-1: Called Strike 1-2: Strikes out looking
|
|
Batting: RHB Kevin Larner
|
0-0: Swinging Strike 0-1: Ball 1-1: Ball 2-1: Foul Ball, location: 2F 2-2: Ground out 4-3 (Groundball, 4, EV 90.6 MPH)
|
| Top of the 2nd over - 0 runs, 0 hits, 0 errors, 0 left on base; Dayton 0 - Hagerstown 0 |
| BOTTOM OF THE 2ND |
|
Hagerstown Suns batting - Pitching for Dayton Dragons : LHP Mark Sandoval
|
|
Batting: RHB Slavik Nebrodov
|
0-0: Called Strike 0-1: Ball 1-1: SINGLE (Groundball, 56D, EV 103.1 MPH)
|
|
Batting: LHB Nate Melendez
|
0-0: Ball 1-0: Called Strike 1-1: Ball 2-1: Called Strike 2-2: Ball 3-2: 2-RUN HOME RUN (Flyball, 9D, EV 98.1 MPH), Distance : 363 ft
|
|
Batting: RHB Jim Towle
|
0-0: Called Strike 0-1: Swinging Strike 0-2: Ball 1-2: Ball 2-2: Strikes out swinging
|
|
Batting: RHB Deshawn Boseman
|
0-0: Foul Ball, location: 2F 0-1: Fly out, F7 (Line Drive, 7LS, EV 97.5 MPH)
|
|
Batting: RHB Victor Cintron
|
0-0: Ball 1-0: Ball 2-0: Ball 3-0: Called Strike 3-1: Called Strike 3-2: Base on Balls
|
|
Batting: RHB Travis Stanley
|
0-0: Ball 1-0: Foul Ball, location: 2F 1-1: Foul Ball, location: 2F 1-2: Ball 2-2: Strikes out swinging
|
| Bottom of the 2nd over - 2 runs, 2 hits, 0 errors, 1 left on base; Dayton 0 - Hagerstown 2 |
| TOP OF THE 3RD |
|
Dayton Dragons batting - Pitching for Hagerstown Suns : RHP Ivano Galikov
|
|
Batting: RHB R.J. Romberg
|
0-0: Ball 1-0: Ball 2-0: Ground out 5-3 (Groundball, 56, EV 87.5 MPH)
|
|
Batting: RHB Juan Zamora
|
0-0: Called Strike 0-1: Called Strike 0-2: Ball 1-2: Foul Ball, location: 2F 1-2: Strikes out swinging
|
|
Batting: LHB Keith Egan
|
0-0: Foul Ball, location: 2F 0-1: Called Strike 0-2: Strikes out looking
|
| Top of the 3rd over - 0 runs, 0 hits, 0 errors, 0 left on base; Dayton 0 - Hagerstown 2 |
| BOTTOM OF THE 3RD |
|
Hagerstown Suns batting - Pitching for Dayton Dragons : LHP Mark Sandoval
|
|
Batting: RHB Kevin Whitenack
|
0-0: Ground out 6-3 (Groundball, 6, EV 95.0 MPH)
|
|
Batting: RHB Naofumi Ishida
|
0-0: Called Strike 0-1: Ball 1-1: Swinging Strike 1-2: Foul Ball, location: 2F 1-2: Ball 2-2: Strikes out swinging
|
|
Batting: LHB Evan Oliveri
|
0-0: Called Strike 0-1: Ball 1-1: Fly out, F9 (Flyball, 9, EV 82.5 MPH)
|
| Bottom of the 3rd over - 0 runs, 0 hits, 0 errors, 0 left on base; Dayton 0 - Hagerstown 2 |
| TOP OF THE 4TH |
|
Dayton Dragons batting - Pitching for Hagerstown Suns : RHP Ivano Galikov
|
|
Batting: RHB Danny Real
|
0-0: Ball 1-0: SOLO HOME RUN (Flyball, 78XD, EV 104.4 MPH), Distance : 407 ft
|
|
Batting: SHB Tim Utz
|
0-0: Swinging Strike 0-1: Ball 1-1: Foul Ball, location: 2F 1-2: Strikes out looking
|
|
Batting: RHB Mark Williams
|
0-0: Ground out 4-3 (Groundball, 4, EV 101.2 MPH)
|
|
Batting: LHB Fernando Gomez
|
0-0: Ground out 6-3 (Groundball, 6, EV 93.1 MPH)
|
| Top of the 4th over - 1 run, 1 hit, 0 errors, 0 left on base; Dayton 1 - Hagerstown 2 |
| BOTTOM OF THE 4TH |
|
Hagerstown Suns batting - Pitching for Dayton Dragons : LHP Mark Sandoval
|
|
Batting: RHB Slavik Nebrodov
|
0-0: Ball 1-0: Ball 2-0: Called Strike 2-1: Ball 3-1: Base on Balls
|
|
Batting: LHB Nate Melendez
|
0-0: Called Strike 0-1: Ball 1-1: Foul Ball, location: 2F 1-2: Fly out, F8 (Flyball, 8LXD, EV 103.8 MPH)
|
|
Batting: RHB Jim Towle
|
0-0: Ball 1-0: Ball 2-0: Ball Passed Ball! Slavik Nebrodov to second 3-0: Called Strike 3-1: Base on Balls
|
|
Batting: RHB Deshawn Boseman
|
0-0: Ball 1-0: Ball 2-0: Ball 3-0: Called Strike 3-1: Base on Balls Slavik Nebrodov to third Jim Towle to second
|
|
Batting: RHB Victor Cintron
|
0-0: Foul Ball, location: 2F 0-1: SINGLE (Groundball, 13, EV 87.5 MPH) (infield hit) Slavik Nebrodov scores Jim Towle to third Deshawn Boseman to second
|
|
Batting: RHB Travis Stanley
|
0-0: Ball 1-0: Called Strike 1-1: Called Strike 1-2: Ball 2-2: Foul Ball, location: 2F 2-2: Fielders Choice at 2nd, 6-4 (Groundball, 56D, EV 106.2 MPH) Jim Towle scores Deshawn Boseman to third
|
|
Batting: RHB Kevin Whitenack
|
0-0: Called Strike 0-1: Swinging Strike 0-2: Strikes out looking
|
| Bottom of the 4th over - 2 runs, 1 hit, 0 errors, 2 left on base; Dayton 1 - Hagerstown 4 |
| TOP OF THE 5TH |
|
Dayton Dragons batting - Pitching for Hagerstown Suns : RHP Ivano Galikov
|
|
Batting: RHB Frank Moron
|
0-0: Called Strike 0-1: Foul Ball, location: 2F 0-2: Ball 1-2: Ball 2-2: Strikes out swinging
|
|
Batting: RHB Kevin Larner
|
0-0: Ground out 6-3 (Groundball, 6, EV 80.0 MPH)
|
|
Batting: RHB R.J. Romberg
|
0-0: Swinging Strike 0-1: SINGLE (Line Drive, 7S, EV 112.5 MPH)
|
|
Batting: RHB Juan Zamora
|
0-0: Called Strike 0-1: Ball 1-1: Ball 2-1: SINGLE (Groundball, 56D, EV 95.0 MPH) R.J. Romberg to second
|
|
Batting: LHB Keith Egan
|
0-0: Ball 1-0: Ball 2-0: Called Strike 2-1: Swinging Strike 2-2: Foul Ball, location: 2F 2-2: Strikes out swinging
|
| Top of the 5th over - 0 runs, 2 hits, 0 errors, 2 left on base; Dayton 1 - Hagerstown 4 |
| BOTTOM OF THE 5TH |
|
Hagerstown Suns batting - Pitching for Dayton Dragons : LHP Mark Sandoval
|
|
Batting: RHB Naofumi Ishida
|
0-0: Ball 1-0: Foul Ball, location: 2F 1-1: Called Strike 1-2: Ball 2-2: TRIPLE (Flyball, 89XD, EV 95.0 MPH)
|
|
Batting: LHB Evan Oliveri
|
0-0: Ball 1-0: Called Strike 1-1: Foul Ball, location: 2F 1-2: Ball 2-2: Ball 3-2: Base on Balls
|
|
Batting: RHB Slavik Nebrodov
|
0-0: Foul Ball, location: 2F 0-1: Foul Ball, location: 2F 0-2: Ball 1-2: Strikes out swinging
|
|
Batting: LHB Nate Melendez
|
0-0: Ball 1-0: Ball 2-0: Swinging Strike 2-1: Fly out, F9 (Line Drive, 9, EV 108.1 MPH)
|
|
Pitching: LHP Davy Thorne
|
|
|
Batting: RHB Jim Towle
|
0-0: Called Strike 0-1: Foul Ball, location: 2F 0-2: Ball 1-2: Strikes out swinging
|
| Bottom of the 5th over - 0 runs, 1 hit, 0 errors, 2 left on base; Dayton 1 - Hagerstown 4 |
| TOP OF THE 6TH |
|
Dayton Dragons batting - Pitching for Hagerstown Suns : RHP Ivano Galikov
|
|
Batting: RHB Danny Real
|
0-0: Ground out 4-3 (Groundball, 34, EV 94.4 MPH)
|
|
Batting: SHB Tim Utz
|
0-0: Foul Ball, location: 2F 0-1: Ball 1-1: Ball 2-1: Called Strike 2-2: Strikes out swinging
|
|
Batting: RHB Mark Williams
|
0-0: Called Strike 0-1: Ball 1-1: Swinging Strike 1-2: Foul Ball, location: 2F 1-2: Strikes out swinging
|
| Top of the 6th over - 0 runs, 0 hits, 0 errors, 0 left on base; Dayton 1 - Hagerstown 4 |
| BOTTOM OF THE 6TH |
|
Hagerstown Suns batting - Pitching for Dayton Dragons : LHP Davy Thorne
|
|
Batting: RHB Deshawn Boseman
|
0-0: Called Strike 0-1: Foul Ball, location: 2F 0-2: Ball 1-2: Strikes out swinging
|
|
Batting: RHB Victor Cintron
|
0-0: Called Strike 0-1: Foul Ball, location: 2F 0-2: Ball 1-2: Strikes out swinging
|
|
Batting: RHB Travis Stanley
|
0-0: Ball 1-0: Foul Ball, location: 2F 1-1: Swinging Strike 1-2: Strikes out swinging
|
| Bottom of the 6th over - 0 runs, 0 hits, 0 errors, 0 left on base; Dayton 1 - Hagerstown 4 |
| TOP OF THE 7TH |
|
Dayton Dragons batting - Pitching for Hagerstown Suns : RHP Ivano Galikov
|
|
Batting: LHB Fernando Gomez
|
0-0: Ball 1-0: Ball 2-0: Called Strike 2-1: Ball 3-1: Foul Ball, location: 2F 3-2: Foul Ball, location: 2F 3-2: Foul Ball, location: 2F 3-2: Base on Balls
|
|
Pitching: RHP Gilberto Ricalde
|
|
|
Batting: RHB Frank Moron
|
0-0: Ball 1-0: Ball 2-0: Ball 3-0: Called Strike 3-1: Fielders Choice at 2nd, 6-4 (Groundball, 6, EV 85.6 MPH)
|
|
Batting: RHB Kevin Larner
|
0-0: Foul Ball, location: 2F 0-1: Ball 1-1: Ball 2-1: DOUBLE (Line Drive, 9LM, EV 107.5 MPH) Frank Moron to third Runner from 3rd tries for Home, SAFE, no throw by RF
|
|
Batting: RHB R.J. Romberg
|
0-0: Called Strike 0-1: Ball 1-1: Ball 2-1: Ball 3-1: Base on Balls
|
|
Batting: RHB Juan Zamora
|
0-0: Ball 1-0: Foul Ball, location: 2F 1-1: Ball Wild Pitch! Kevin Larner to third R.J. Romberg to second 2-1: Ground out 5-3 (Groundball, 56S, EV 85.0 MPH) Kevin Larner scores
|
|
Batting: LHB Keith Egan
|
0-0: Ball 1-0: Ball 2-0: Ball 3-0: Base on Balls
|
|
Batting: RHB Danny Real
|
0-0: Ball 1-0: SINGLE (Groundball, 3D, EV 103.8 MPH) R.J. Romberg to third Keith Egan to second Runner from 3rd tries for Home, SAFE, throw by RF to home
|
|
Batting: SHB Tim Utz
|
0-0: Called Strike 0-1: Swinging Strike 0-2: Strikes out swinging
|
| Top of the 7th over - 3 runs, 2 hits, 0 errors, 2 left on base; Dayton 4 - Hagerstown 4 |
| BOTTOM OF THE 7TH |
|
Hagerstown Suns batting - Pitching for Dayton Dragons : LHP Davy Thorne
|
|
Batting: RHB Kevin Whitenack
|
0-0: Called Strike 0-1: Ball 1-1: Ball 2-1: DOUBLE (Line Drive, 7LS, EV 97.5 MPH)
|
|
Batting: RHB Naofumi Ishida
|
0-0: Ball 1-0: Foul Ball, location: 2F 1-1: Swinging Strike 1-2: Ball 2-2: Strikes out looking
|
|
Batting: LHB Evan Oliveri
|
0-0: Ball 1-0: Ball 2-0: Called Strike 2-1: Swinging Strike 2-2: Strikes out swinging
|
|
Batting: RHB Slavik Nebrodov
|
0-0: Ball 1-0: Swinging Strike 1-1: Foul Ball, location: 2F 1-2: Strikes out swinging
|
| Bottom of the 7th over - 0 runs, 1 hit, 0 errors, 1 left on base; Dayton 4 - Hagerstown 4 |
| TOP OF THE 8TH |
|
Dayton Dragons batting - Pitching for Hagerstown Suns : RHP Gilberto Ricalde
|
|
Pitching: RHP Steve Barnes
|
|
|
Batting: RHB Mark Williams
|
0-0: Foul Ball, location: 2F 0-1: Ground out 4-3 (Groundball, 4, EV 96.9 MPH)
|
|
Batting: LHB Fernando Gomez
|
0-0: Ball 1-0: Ball 2-0: Ball 3-0: Called Strike 3-1: Base on Balls
|
|
Batting: RHB Frank Moron
|
0-0: Called Strike 0-1: Ball 1-1: Fly out, F9 (Line Drive, 89S, EV 95.0 MPH)
|
|
Batting: RHB Kevin Larner
|
0-0: Called Strike 0-1: Foul Ball, location: 2F 0-2: Ground out 5-3 (Groundball, 56S, EV 88.8 MPH)
|
| Top of the 8th over - 0 runs, 0 hits, 0 errors, 1 left on base; Dayton 4 - Hagerstown 4 |
| BOTTOM OF THE 8TH |
|
Hagerstown Suns batting - Pitching for Dayton Dragons : LHP Davy Thorne
|
|
Pitching: RHP Juan Hernandez
|
|
|
Batting: LHB Nate Melendez
|
0-0: Ball 1-0: Called Strike 1-1: Foul Ball, location: 2F 1-2: Ball 2-2: Strikes out swinging
|
|
Pinch Hitting: SHB Dan Castaneda
|
0-0: Ball 1-0: Foul Ball, location: 2F 1-1: Ball 2-1: TRIPLE (Flyball, 78XD, EV 91.9 MPH)
|
|
Batting: RHB Deshawn Boseman
|
0-0: Swinging Strike 0-1: Fly out, F7 (Flyball, 7S, EV 88.1 MPH)
|
|
Batting: RHB Victor Cintron
|
0-0: Called Strike 0-1: Fly out, F4 (Popup, 34D, EV 45.0 MPH)
|
| Bottom of the 8th over - 0 runs, 1 hit, 0 errors, 1 left on base; Dayton 4 - Hagerstown 4 |
| TOP OF THE 9TH |
|
Dayton Dragons batting - Pitching for Hagerstown Suns : RHP Steve Barnes
|
|
Pitching: RHP Chris Doty
|
|
|
Now at 3B: Dan Castaneda
|
|
|
Now at SS: Naofumi Ishida
|
|
|
Batting: RHB R.J. Romberg
|
0-0: Ball 1-0: Swinging Strike 1-1: Foul Ball, location: 2F 1-2: Ball 2-2: Ball 3-2: Foul Ball, location: 2F 3-2: Base on Balls
|
|
Batting: RHB Juan Zamora
|
0-0: Bunt missed! 0-1: Ball 1-1: Bunted foul 1-2: Strikes out looking
|
|
Batting: LHB Keith Egan
|
0-0: Ball 1-0: SINGLE (Groundball, 34S, EV 67.5 MPH) (infield hit) R.J. Romberg to second
|
|
Batting: RHB Danny Real
|
0-0: Called Strike 0-1: SINGLE (Groundball, 56D, EV 95.6 MPH) R.J. Romberg to third Keith Egan to second Runner from 3rd tries for Home, SAFE, throw by LF to home
|
|
Batting: SHB Tim Utz
|
0-0: Ball 1-0: Foul Ball, location: 2F 1-1: Foul Ball, location: 2F 1-2: Ball 2-2: Fly out, F9 (Flyball, 89D, EV 103.1 MPH) Runner from 2nd tags up, SAFE at 3rd, no throw by RF
|
|
Batting: RHB Mark Williams
|
0-0: Called Strike 0-1: Ball Danny Real steals 2nd base 1-1: Swinging Strike 1-2: Ball 2-2: Foul Ball, location: 2F 2-2: Strikes out swinging
|
| Top of the 9th over - 1 run, 2 hits, 0 errors, 2 left on base; Dayton 5 - Hagerstown 4 |
| BOTTOM OF THE 9TH |
|
Hagerstown Suns batting - Pitching for Dayton Dragons : RHP Juan Hernandez
|
|
Pitching: RHP Giovonni Morgia
|
|
|
Now at 2B: Yasusaburo Kuwahara
|
|
|
Pinch Hitting: LHB Erik Beezley
|
0-0: Ball 1-0: Ball 2-0: Called Strike 2-1: Fly out, F8 (Flyball, 8LXD, EV 94.4 MPH)
|
|
Batting: RHB Kevin Whitenack
|
0-0: Called Strike 0-1: Swinging Strike 0-2: Ball 1-2: Foul Ball, location: 2F 1-2: Ball 2-2: Ball 3-2: Ground out U3 (Groundball, 3L, EV 86.2 MPH)
|
|
Batting: RHB Naofumi Ishida
|
0-0: Called Strike 0-1: Ball 1-1: Fly out, F3 (Popup, 3, EV 73.1 MPH)
|
| Bottom of the 9th over - 0 runs, 0 hits, 0 errors, 0 left on base; Dayton 5 - Hagerstown 4 |
|